 Dungeon Crawl Stone Soup version 0.18-a0-822-gb52b7b4 (webtiles) character file.

115 Raultor the Changer (level 4, -1/35 HPs)
             Began as a Draconian Transmuter on Dec 16, 2015.
             Slain by a gnoll
             ... wielding a +2 halberd of holy wrath
              (11 damage)
             ... on level 2 of the Dungeon.
             The game lasted 00:06:13 (2637 turns).

Raultor the Changer (Draconian Transmuter)          Turns: 2637, Time: 00:06:13

Health: -1/35      AC:  5    Str: 12    XL:     4   Next: 68%
Magic:  6/7        EV: 12    Int: 13    God:
Gold:   79         SH:  0    Dex: 13    Spells: 1 memorised, 6 levels left

rFire  . . .     SeeInvis .       - Unarmed
rCold  . . .     Gourm    .     (armour unavailable)
rNeg   . . .     Faith    .     (no shield)
rPois  .         Spirit   .     (helmet restricted)
rElec  .         Dismiss  .     (no cloak)
rCorr  .         Reflect  .     (no gloves)
SustAt .         Harm     .     (boots currently unavailable)
MR     .....                    (no amulet)
Stlth  +.........               (no ring)
                                (no ring)

@: appendage, not resistant to hostile enchantments, very unstealthy
A: unfitting armour, talons 3, cold-blooded, AC +5
a: End Transformation


You were on level 2 of the Dungeon.
You were not hungry.
You had grown temporary talons.
You visited 1 branch of the dungeon, and saw 2 of its levels.

You collected 79 gold pieces.

Inventory:

Missiles
 a - 57 arrows
Scrolls
 g - a scroll of immolation {unknown}
 i - a scroll of enchant armour {unknown}
 j - 4 scrolls of teleportation {unknown}
 k - a scroll of blinking {unknown}
 l - 2 scrolls of identify {unknown}
Potions
 e - a potion of invisibility {unknown}
 h - 2 potions of ambrosia {unknown}
Books
 b - a book of Changes
Comestibles
 c - a bread ration {@e1}
 d - a meat ration {@e2}
 f - a chunk of flesh {@w0}


   Skills:
 - Level 1.1 Fighting
 - Level 1.7 Dodging
 + Level 3.9 Unarmed Combat
 - Level 2.0 Spellcasting
 * Level 4.2 Transmutations


You had 6 spell levels left.
You knew the following spells:

 Your Spells              Type           Power        Failure   Level  Hunger
a - Beastly Appendage     Trmt           ##....       6%          1    ##.....


Dungeon Overview and Level Annotations

Branches:
Dungeon (2/15)

Altars:
Xom


Innate Abilities, Weirdness & Mutations

Your plain brown scales are hard (AC +5).
Your body does not fit into most forms of armour.
You are cold-blooded and may be slowed by cold attacks.
You have claws for feet.


Message History

All of the chunks of flesh in your inventory have rotted away.
Health restored: 35
Found a shimmering altar of Xom.
A goblin comes into view.
The goblin shouts!
You barely miss the goblin. The goblin barely misses you.
You hit the goblin. The goblin closely misses you.
You hit the goblin but do no damage. The goblin hits you.
You take 4 damage, and have 31/35 hp.
You barely miss the goblin. You hit the goblin.
You kill the goblin!
No target in view!
Found an escape hatch in the floor.
Found a stone staircase leading down.
You regained 2 hp, and now have 34/35 hp.
Found an escape hatch in the ceiling.
A jackal comes into view.
The jackal barks!
A jackal is nearby!
A jackal comes into view. x2
Health restored: 35 The jackal bites you but does no damage.
There is a stone staircase leading down here.
The jackal closely misses you.
You hit the jackal.
You kill the jackal!
You punch the jackal!
You kill the jackal!
You hit the jackal.
You kill the jackal!
Things that are here:
a jackal corpse x2
Things that are here:
a jackal corpse x2
You butcher the jackal corpse.
f - a chunk of flesh {@w0} You see here a jackal corpse.
You butcher the jackal corpse.
f - 2 chunks of flesh {@w0} (gained 1)
You see here a jackal skeleton.
There isn't anything to butcher here.
A quokka comes into view.
The quokka bites you.
You take 2 damage, and have 33/35 hp.
You barely miss the quokka.
Your tail-slap misses the quokka.
The quokka misses you. The quokka bites you.
You take 1 damage, and have 32/35 hp.
You hit the quokka. The quokka closely misses you.
You barely miss the quokka. The quokka bites you.
You take 2 damage, and have 30/35 hp.
You hit the quokka.
You kill the quokka!
No target in view!
A kobold comes into view. It is wielding a dagger.
The kobold throws a stone.
The stone barely misses you.
You hit the kobold. The kobold hits you but does no damage.
You hit the kobold.
You kill the kobold!
No target in view!
You see here a dagger.
Eating one of 2 chunks of flesh {@w0}.
You continue eating. x2
You now have 79 gold pieces (gained 10).
g - a scroll labeled SYHUEF OWAT Health restored: 35 The gnoll shouts!
Your feet morph into talons.
The gnoll hits you from afar with a spear.
You take 6 damage, and have 29/35 hp.
You now have 6/7 mp.
The gnoll closely misses you.
You barely miss the gnoll. The gnoll closely misses you.
You hit the gnoll but do no damage.
Your tail-slap misses the gnoll.
You hit the gnoll.
Your tail-slap misses the gnoll.
The gnoll completely misses you.
You hit the gnoll.
Your transformation is almost over.
The gnoll hits you with a spear.
You take 6 damage, and have 24/35 hp.
You hit the gnoll. You claw the gnoll, but do no damage.
The gnoll hits you with a spear.
You take 1 damage, and have 23/35 hp.
You hit the gnoll. You claw the gnoll, but do no damage.
Your tail-slap misses the gnoll.
The gnoll misses you.
You barely miss the gnoll. You claw the gnoll.
You kill the gnoll!
You start resting.
Your talons disappear.
MP restored: 7 You start resting.
The gnoll shouts!
Your feet morph into talons.
You now have 6/7 mp.
The gnoll hits you with a halberd of holy wrath!
* * * LOW HITPOINT WARNING * * *
You take 16 damage, and have 10/35 hp.
MASSIVE DAMAGE!!
You hit the gnoll.
The gnoll hits you with a halberd of holy wrath!
You die...

#.......).#
####.....(#..#
#.....)...#..#
#.........##.##
#....#######..#
###....# #..#
#......# ####g##
#......# #...@<#
#...#### #.....##
#...# ####......##
#...# #..........#
#...# #..........#
#...# #........>.#
#...#############.##
#...>...## #รท####


You could see a gnoll.

Vanquished Creatures
  Ijyb (D:1)
  A gnoll (D:2)
  3 adders (D:2)
  2 worms
  A giant gecko (D:1)
  A giant cockroach (D:1)
  6 hobgoblins (D:1)
  3 jackals (D:2)
  7 kobolds
  A quokka (D:2)
  4 bats
  A giant newt (D:2)
  7 goblins
  10 rats
48 creatures vanquished.

Notes
Turn   | Place    | Note
--------------------------------------------------------------
     0 | D:1      | Raultor the Draconian Transmuter began the quest for the Orb.
     0 | D:1      | Reached XP level 1. HP: 16/16 MP: 3/3
   425 | D:1      | Reached XP level 2. HP: 11/23 MP: 3/5
   853 | D:1      | HP: 5/23 [rat (2)]
  1121 | D:1      | Reached skill level 3 in Transmutations
  1436 | D:1      | Reached XP level 3. HP: 24/28 MP: 6/6
  1645 | D:2      | HP: 7/28 [poisoned by an adder]
  1653 | D:2      | HP: 6/28 [poisoned by an adder]
  2099 | D:2      | Reached XP level 4. HP: 35/35 MP: 7/7
  2130 | D:2      | Noticed Ijyb
  2164 | D:1      | Killed Ijyb
  2164 | D:1      | Reached skill level 4 in Transmutations
  2463 | D:2      | Found a shimmering altar of Xom.
  2637 | D:2      | Slain by a gnoll

Vault maps used:
D:1:      mushboom_english_gardens, minmay_quantized
D:2:      nicolae_overflow_hidden_temple, serial_curves, eino_curves_01,
          eino_curves_04, uniq_sigmund, uniq_iyjb

Action                   |  1- 3 |  4- 6 || total
-------------------------+-------+-------++-------
Melee: Unarmed           |   150 |    44 ||   194
 Cast: Beastly Appendage |     6 |     4 ||    10
  Use: Potion            |       |     1 ||     1
 Stab: Sleeping          |     2 |       ||     2
  Eat: Chunk             |     4 |     2 ||     6

Vault maps used:
D:1:      mushboom_english_gardens, minmay_quantized
D:2:      nicolae_overflow_hidden_temple, serial_curves, eino_curves_01,
          eino_curves_04, uniq_sigmund, uniq_iyjb

Table legend:
 A = Turns spent in this place as a percentage of turns spent in the entire game.
 B = Non-inter-level travel turns spent in this place as a percentage of non-inter-level travel turns spent in the entire game.
 C = Inter-level travel turns spent in this place as a percentage of turns spent in this place.
 D = Turns resting spent in this place as a percentage of non-inter-level travel turns spent in this place.
 E = Turns spent auto-exploring this place as a percentage of non-inter-level travel turns spent in this place.
 F = Non-inter-level travel turns spent in this place divided by the number of levels of this place that you've seen.
                   A       B       C       D       E      F
               +-------+-------+-------+-------+-------+----------------------
         Total | 100.0 | 100.0 |   0.8 |   6.6 |   9.2 | 256.5
       Dungeon | 100.0 | 100.0 |   0.8 |   6.6 |   9.2 | 256.5
               +-------+-------+-------+-------+-------+----------------------

Table legend:
 A = Kills in this place as a percentage of kills in entire the game.
 B = Kills by you in this place as a percentage of kills by you in the entire game.
 C = Kills by friends in this place as a percentage of kills by friends in the entire game.
 D = Other kills in this place as a percentage of other kills in the entire game.
 E = Experience gained in this place as a percentage of experience gained in the entire game.
 F = Experience gained in this place divided by the number of levels of this place that you have seen.
                   A       B       C       D       E      F
               +-------+-------+-------+-------+-------+----------------------
         Total | 100.0 | 100.0 |  -nan |  -nan | 100.0 |  82.5
       Dungeon | 100.0 | 100.0 |  -nan |  -nan | 100.0 |  82.5
               +-------+-------+-------+-------+-------+----------------------
